 Dungeon Sprint DCSS version 0.26-a0-1107-g6118521029 (webtiles) character file.

Game seed: 16919924290189353870

20827 mhtbhm the Slayer (level 12, 0/162 HPs)
             Began as an Ogre Berserker on Dec 16, 2020.
             Was a High Priest of the Shining One.
             Slain by a black bear (6 damage)
             ... created by the rage of Trog
             ... in the Dungeon (Sprint IX: "|||||||||||||||||||||||||||||").
             The game lasted 00:11:35 (4669 turns).

mhtbhm the Slayer (Ogre Berserker)                  Turns: 4669, Time: 00:11:36

Health: 0/162      AC: 18    Str: 28    XL:     12   Next: 83%
Magic:  11/13      EV: 13    Int:  8    God:    the Shining One [*****.]
Gold:   273        SH:  7    Dex: 11    Spells: 11/11 levels left

rFire    . . .     SeeInvis +   a - +8 bardiche of Nimu {vorpal, +Rage}
rCold    . . .     Faith    .   (shield currently unavailable)
rNeg     + + .     Spirit   .   b - +0 shadow dragon scales
rPois    .         Reflect  .   t - +2 hat {SInv}
rElec    .         Harm     .   s - +0 cloak
rCorr    .         Rampage  .   (gloves unavailable)
Will     +....     NoTele   +   (boots unavailable)
Stlth    ++........             (no amulet)
HPRegen  0.37/turn              l - +2 ring of evasion
MPRegen  0.13/turn              m - +3 ring of dexterity

@: divine shield, glowing
A: large, unfitting armour, shaggy fur 1, tough skin 1
a: Divine Shield, Cleansing Flame, Summon Divine Warrior, Renounce Religion,
Evoke Berserk Rage


You were in the Dungeon.
You worshipped the Shining One.
The Shining One was extremely pleased with you.
You visited 1 branch You collected 1934 gold pieces.
You spent 1661 gold pieces at shops.

Inventory:

Hand Weapons
 a - the +8 bardiche of Nimu (weapon) {vorpal, +Rage}
   (Trog gifted it to you in the Dungeon)

   It inflicts extra damage upon your enemies.
   It lets you go berserk.
Missiles
 A - 5 large rocks
Armour
 b - +0 shadow dragon scales (worn)
 s - a +0 cloak (worn)
 t - a +2 hat of see invisible (worn)
Jewellery
 l - a +2 ring of evasion (left hand)
 m - a +3 ring of dexterity (right hand)
 w - a +4 ring of protection
 x - an uncursed ring of protection from fire
 y - an uncursed ring of see invisible
Wands
 k - a wand of iceblast (4)
Scrolls
 h - a scroll of blinking
 j - 4 scrolls of remove curse
 o - 3 scrolls of fear
 p - 6 scrolls of identify
 q - 4 scrolls of fog
 r - 2 scrolls of enchant armour
 u - 2 scrolls of amnesia
 v - a scroll of vulnerability {unknown}
 z - 2 scrolls of enchant weapon
Potions
 c - 6 potions of curing
 d - 6 potions of heal wounds
 e - 2 potions of haste
 f - 4 potions of magic
 g - 4 potions of berserk rage
 i - a potion of invisibility
 n - 2 potions of resistance


   Skills:
 + Level 21.6 Fighting
 + Level 20.2 Polearms
 + Level 7.5 Armour
 + Level 11.7 Dodging
 + Level 4.2 Stealth
 + Level 1.8 Shields
 + Level 2.0 Invocations
 + Level 3.4 Evocations


You had 11 spell levels left.
You didn't know any spells.
Your spell library contained the following spells:

 Spells                   Type           Power        Failure   Level
 Corona                   Hex            #......      90%         1
 Magic Dart               Conj           #...         90%         1
 Blink                    Tloc           N/A          97%         2
 Call Imp                 Summ           #.......     97%         2
 Ensorcelled Hibernation  Hex/Ice        #.....       97%         2
 Slow                     Hex            #.......     97%         2
 Confusing Touch          Hex            #.......     99%         3
 Conjure Flame            Conj/Fire      #.......     99%         3
 Dazzling Flash           Conj/Hex       #.....       99%         3
 Gell's Gravitas          Tloc           #.........   99%         3
 Mephitic Cloud           Conj/Pois/Air  #.......     99%         3
 Tukima's Dance           Hex            #.......     99%         3
 Petrify                  Tmut/Erth      #.......     100%        4
 Metabolic Englaciation   Hex/Ice        #.........   100%        5
 Yara's Violent Unravell  Hex/Tmut       #.........   100%        5


Dungeon Overview and Level Annotations

Branches:
Dungeon (1/1)

Altars:
Cheibriados
Dithmenos
Elyvilon
Fedhas
Gozag
Hepliaklqana
Kikubaaqudgha
Makhleb
Nemelex Xobeh
Okawaru
Qazlal
Ru
Sif Muna
Trog
Uskayaw
Vehumet
Wu Jian
Xom
Yredelemnul
Zin
The Shining One
Beogh
Jiyva
Lugonu

Shops:
D ?:[*


Innate Abilities, Weirdness & Mutations

You are too large for most types of armour.
You have tough skin. (AC +1)
You are covered in fur. (AC +1)


Message History

You slice the two-headed ogre!!
The two-headed ogre is almost dead.
The two-headed ogre hits you with a +0 giant club!!!
* * * LOW HITPOINT WARNING * * *
The two-headed ogre hits you with a +0 giant spiked club!
* * * LOW HITPOINT WARNING * * *
Unknown command.
You barely miss the two-headed ogre.
The two-headed ogre is almost dead.
The two-headed ogre closely misses you.
The two-headed ogre hits you with a +0 giant spiked club!!
The Shining One protects you from harm!
The two-headed ogre hits you with a +0 giant club!
* * * LOW HITPOINT WARNING * * *
The two-headed ogre hits you with a +0 giant spiked club!
The Shining One protects you from harm!
You hit the two-headed ogre.
You kill the two-headed ogre!
That felt strangely unrewarding.
The black bear bites you.
You die...

▓▓▓▓▓▓▓▓▓▓▓▓▓▓▓▓▓▓▓▓▓▓▓▓▓▓▓▓
....................D......▓
▓▓▓▓▓▓▓▓▓▓▓▓▓▓▓▓▓▓▓▓▓▓▓▓▓▓.▓
÷'[............h@+....D....▓
▓▓▓▓▓▓▓▓▓▓▓▓▓▓▓▓▓▓▓▓▓▓▓▓▓▓▓▓
...........................▓
▓▓▓▓▓▓▓▓▓▓▓▓▓▓▓▓▓▓▓▓▓▓▓▓▓▓.▓
)....∩.∩.∩.∩))...'.........▓
▓▓▓▓▓▓▓▓▓▓▓▓▓▓▓▓▓▓▓▓▓▓▓▓▓▓▓▓
...........)...............▓
▓▓▓▓▓▓▓▓▓▓▓▓▓▓▓▓▓▓▓▓▓▓▓▓▓▓.▓
'.........(.)'..[[[...'....▓


You could see a black bear (berserk).

Vanquished Creatures
  Gastronok (D)
  A fire dragon (D)
  4 hydras (D)
  A rakshasa (D)
  Erica (D)
  2 ogre magi (D)
  2 two-headed ogres (D)
  An alligator (D)
  A deep troll earth mage (D)
  A two-headed ogre (shapeshifter) (D)
  A glowing orange brain (D)
  2 lindwurms (D)
  4 orc knights (D)
  A cyclops (D)
  4 orc sorcerers (D)
  An ugly thing (D)
  3 cane toads (D)
  3 komodo dragons (D)
  A troll (shapeshifter) (D)
  A troll (D)
  3 tyrant leeches (D)
  A polar bear (D)
  A slime creature (D)
  A blink frog (D)
  2 yaks (D)
  Eustachio (D)
  A wyvern (D)
  11 orc warriors (D)
  An eye of draining (D)
  A black bear (D)
  2 ogres (D)
  A wolf (D)
  4 bullfrogs (D)
  2 killer bees (D)
  2 wights (D)
  4 orc priests (D)
  6 orc wizards (D)
  A worker ant (D)
  A white imp (D)
  3 worms (D)
  A dart slug (D)
  12 orcs (D)
  A bat skeleton (D)
  3 giant cockroaches (D)
  A goblin (D)
  A bat (D)
  A frilled lizard (D)
105 creatures vanquished.

Vanquished Creatures (collateral kills)
  An orc knight (D)
  An ogre (D)
  A jelly (D)
3 creatures vanquished.

Grand Total: 108 creatures vanquished

Notes
Turn   | Place    | Note
-------+----------+-------------------------------------------
     0 | D        | mhtbhm the Ogre Berserker began the quest for the Orb.
     0 | D        | Reached XP level 1. HP: 24/24 MP: 1/1
    10 | D        | Reached ** piety under Trog
    17 | D        | Reached XP level 2. HP: 29/33 MP: 2/2
    24 | D        | Banished a spatial maelstrom
    54 | D        | Reached skill level 5 in Fighting
    54 | D        | Reached *** piety under Trog
    62 | D        | Reached skill level 6 in Fighting
    62 | D        | Reached XP level 3. HP: 38/44 MP: 3/3
    65 | D        | Reached skill level 5 in Polearms
    99 | D        | Found a roughly hewn altar of Beogh.
    99 | D        | Found a snail-covered altar of Cheibriados.
    99 | D        | Found a shadowy altar of Dithmenos.
    99 | D        | Found a white marble altar of Elyvilon.
    99 | D        | Found a blossoming altar of Fedhas.
    99 | D        | Found an opulent altar of Gozag.
   100 | D        | Found a hazy altar of Hepliaklqana.
   101 | D        | Found a viscous altar of Jiyva.
   102 | D        | Found an ancient bone altar of Kikubaaqudgha.
   103 | D        | Found a corrupted altar of Lugonu.
   104 | D        | Found a burning altar of Makhleb.
   105 | D        | Found a sparkling altar of Nemelex Xobeh.
   106 | D        | Found an iron altar of Okawaru.
   107 | D        | Found a stormy altar of Qazlal.
   108 | D        | Found a sacrificial altar of Ru.
   109 | D        | Found a shimmering blue altar of Sif Muna.
   110 | D        | Found a bloodstained altar of Trog.
   111 | D        | Found a hide-covered altar of Uskayaw.
   112 | D        | Found a radiant altar of Vehumet.
   113 | D        | Found an ornate altar of the Wu Jian Council.
   114 | D        | Found a shimmering altar of Xom.
   115 | D        | Found a basalt altar of Yredelemnul.
   116 | D        | Found a glowing silver altar of Zin.
   117 | D        | Found a glowing golden altar of the Shining One.
   178 | D        | Noticed an orc warrior
   178 | D        | Noticed an ogre
   178 | D        | Noticed an ogre
   183 | D        | Killed an orc warrior
   183 | D        | Reached **** piety under Trog
   184 | D        | Reached skill level 8 in Fighting
   184 | D        | Reached skill level 5 in Dodging
   184 | D        | Reached XP level 4. HP: 57/57 MP: 4/4
   184 | D        | Reached XP level 5. HP: 63/63 MP: 5/5
   195 | D        | Reached skill level 9 in Fighting
   198 | D        | Killed an ogre
   199 | D        | Reached skill level 10 in Fighting
   199 | D        | Reached XP level 6. HP: 25/78 MP: 6/6
   416 | D        | Noticed an eye of draining
   416 | D        | Noticed a troll
   418 | D        | Reached ***** piety under Trog
   420 | D        | Reached skill level 11 in Fighting
   423 | D        | Killed an eye of draining
   423 | D        | Received a gift from Trog
   424 | D        | Reached XP level 7. HP: 88/88 MP: 0/7
   425 | D        | Killed a troll
   426 | D        | Reached skill level 12 in Fighting
   426 | D        | Reached skill level 10 in Polearms
   661 | D        | Noticed a yak
   661 | D        | Noticed a cane toad
   666 | D        | Noticed a komodo dragon
   669 | D        | Noticed a wyvern
   670 | D        | Killed a yak
   671 | D        | Reached XP level 8. HP: 101/101 MP: 8/8
   672 | D        | Killed a cane toad
   673 | D        | Reached skill level 13 in Fighting
   686 | D        | Killed a komodo dragon
   686 | D        | Received a gift from Trog
   687 | D        | Reached skill level 14 in Fighting
   687 | D        | Reached skill level 1 in Armour
   687 | D        | Reached XP level 9. HP: 49/113 MP: 9/9
   830 | D        | Noticed a cane toad
   830 | D        | Noticed a cane toad
   830 | D        | Noticed a komodo dragon
   830 | D        | Noticed a komodo dragon
   833 | D        | Noticed a seven-headed hydra
   837 | D        | Noticed a six-headed hydra
   839 | D        | Killed a cane toad
   840 | D        | Reached skill level 1 in Stealth
   842 | D        | Killed a cane toad
   843 | D        | Reached skill level 15 in Fighting
   843 | D        | Reached skill level 10 in Dodging
   844 | D        | Reached ****** piety under Trog
   844 | D        | Received a gift from Trog
   847 | D        | Killed a komodo dragon
   851 | D        | Killed a komodo dragon
   852 | D        | Reached XP level 10. HP: 126/126 MP: 10/10
  1005 | D        | Killed an eight-headed hydra
  1006 | D        | Reached skill level 15 in Polearms
  1106 | D        | Killed a seven-headed hydra
  1107 | D        | Reached skill level 16 in Fighting
  1189 | D        | Noticed a lindwurm
  1196 | D        | Received a gift from Trog
  1218 | D        | Killed a lindwurm
  1219 | D        | Reached skill level 1 in Evocations
  1221 | D        | Noticed a lindwurm
  1328 | D        | Killed a lindwurm
  1534 | D        | Noticed Gastronok
  1549 | D        | Killed Gastronok
  1549 | D        | Received a gift from Trog
  1550 | D        | Reached skill level 17 in Fighting
  1550 | D        | Reached skill level 5 in Armour
  1550 | D        | Reached XP level 11. HP: 89/140 MP: 11/11
  1716 | D        | Noticed an orc knight
  1723 | D        | Killed an orc knight
  1741 | D        | Received a gift from Trog
  1791 | D        | Got a scorched executioner's axe {god gift}
  1792 | D        | Identified the +4 executioner's axe of Darkness {vorpal,
                  | +Fly Str+8 Int-3 SInv} (Trog gifted it to you in the
                  | Dungeon)
  1817 | D        | Reached skill level 18 in Fighting
  1823 | D        | Received a gift from Trog
  1830 | D        | Noticed an orc knight
  1849 | D        | Killed an orc knight
  1913 | D        | Found Otwag's Magic Scroll Emporium.
  1913 | D        | Noticed an orc sorcerer
  1913 | D        | Noticed an orc knight
  1913 | D        | Noticed an orc knight
  1920 | D        | Gained mutation: You are covered in fur. (AC +1) [a
                  | neqoxec]
  1930 | D        | Killed an orc sorcerer
  1930 | D        | Received a gift from Trog
  1951 | D        | Killed an orc knight
  1959 | D        | Killed an orc knight
  1960 | D        | Reached skill level 19 in Fighting
  1976 | D        | Noticed an orc sorcerer
  1980 | D        | Noticed a soul eater
  1989 | D        | Killed an orc sorcerer
  1989 | D        | Received a gift from Trog
  1998 | D        | Got a slimy bardiche {god gift}
  1999 | D        | Identified the +8 bardiche of Nimu {vorpal, +Rage} (Trog
                  | gifted it to you in the Dungeon)
  2032 | D        | Found Raixyipi's Book Shoppe.
  2082 | D        | Found Enicw's Armour Emporium.
  2085 | D        | Found Qab Ginn's Assorted Antiques.
  2087 | D        | Noticed an orc sorcerer
  2089 | D        | Noticed an orc sorcerer
  2091 | D        | Noticed an orc knight
  2096 | D        | Killed an orc sorcerer
  2100 | D        | Killed an orc sorcerer
  2107 | D        | Killed an orc knight
  2107 | D        | Received a gift from Trog
  2128 | D        | Bought a scroll of blinking for 90 gold pieces
  2432 | D        | Fell from the grace of Trog
  2432 | D        | Became a worshipper of the Shining One
  2725 | D        | Bought a scroll labelled KUBLENG MIPASH for 23 gold pieces
  2725 | D        | Bought a scroll of identify for 46 gold pieces
  2725 | D        | Bought a scroll of blinking for 172 gold pieces
  2725 | D        | Bought a potion of haste for 230 gold pieces
  2731 | D        | Bought a scroll of fog for 24 gold pieces
  2731 | D        | Bought a scroll of fog for 24 gold pieces
  2731 | D        | Bought a scroll of fog for 24 gold pieces
  2743 | D        | Bought a scroll of identify for 24 gold pieces
  2743 | D        | Bought a scroll of identify for 24 gold pieces
  2743 | D        | Bought a scroll of identify for 24 gold pieces
  2749 | D        | Bought a scroll of identify for 46 gold pieces
  2753 | D        | Bought a book of Misfortune for 280 gold pieces
  2753 | D        | Bought a book of Minor Magic for 280 gold pieces
  2753 | D        | Bought a book of Maledictions for 350 gold pieces
  2797 | D        | Noticed Eustachio
  2801 | D        | Killed Eustachio
  2801 | D        | Reached * piety under the Shining One
  2826 | D        | Noticed Erica
  2834 | D        | Killed Erica
  3460 | D        | Noticed a five-headed hydra
  3460 | D        | Noticed a white ugly thing
  3460 | D        | Noticed an ogre mage
  3460 | D        | Reached ** piety under the Shining One
  3460 | D        | Noticed a four-headed hydra
  3460 | D        | Noticed an ogre mage
  3460 | D        | Reached *** piety under the Shining One
  3462 | D        | Noticed a two-headed ogre
  3466 | D        | Killed a nine-headed hydra
  3467 | D        | Reached skill level 20 in Fighting
  3467 | D        | Reached XP level 12. HP: 157/157 MP: 8/12
  3471 | D        | Killed an ogre mage
  3476 | D        | Killed an eight-headed hydra
  3477 | D        | Killed an ogre mage
  3478 | D        | Reached skill level 1 in Invocations
  3482 | D        | Killed a two-headed ogre
  3484 | D        | Reached **** piety under the Shining One
  3494 | D        | Noticed a rakshasa
  3497 | D        | Reached skill level 1 in Shields
  3497 | D        | Noticed a fire dragon
  3497 | D        | Noticed a fire dragon
  3500 | D        | Killed a rakshasa
  3500 | D        | Reached ***** piety under the Shining One
  3501 | D        | Reached skill level 21 in Fighting
  3703 | D        | Killed a fire dragon
  3810 | D        | Noticed a two-headed ogre
  3815 | D        | Killed a two-headed ogre
  3822 | D        | Noticed a deep troll earth mage
  3825 | D        | Killed a deep troll earth mage
  3936 | D        | Noticed an alligator
  3936 | D        | Noticed an eleionoma
  3936 | D        | Noticed an eight-headed hydra
  3943 | D        | Killed an alligator
  4661 | D        | Noticed a two-headed ogre
  4668 | D        | The Shining One protects you from harm!
  4668 | D        | HP: 6/162 [two-headed ogre/+0 giant club[the rage of Trog]
                  | (13)]
  4668 | D        | The Shining One protects you from harm!
  4669 | D        | Killed a two-headed ogre
  4669 | D        | Slain by a black bear

Illustrated notes

Levels and vault maps discovered:
D:        linesprint [early_d, line_temple, items_1, d_10, items_2, lair_1,
          lair_end, items_3, orc_1, orc_end, items_4, d_15, swamp_1, shoals_1,
          snake_1, spider_1, d_20, vaults_1, items_5, swamp_end, shoals_end,
          snake_end, spider_end, vaults_end, d_27, items_6, zot_1, zot_end,
          crypt_end, forest_end, elf_end, slime_end, tomb_end, abyss_end,
          pan_hell_end]

Skill      XL: |  1  2  3  4  5  6  7  8  9 10 11 12 |
---------------+-------------------------------------+-----
Dodging        | 3 4 5 6 7 8 9 10 11 | 11.7
Fighting       | 6 8 10 11 12 14 15 17 20 21 | 21.6
Polearms       | 4 6 8 9 11 12 14 16 18 20 | 20.2
Armour         | 1 3 5 6 7 |  7.5
Stealth        | 1 3 4 |  4.2
Evocations     | 1 2 3 |  3.4
Invocations    | 2 |  2.0
Shields        | 1 |  1.8

Action                   |  1- 3 |  4- 6 |  7- 9 | 10-12 || total
-------------------------+-------+-------+-------+-------++-------
Melee: Spear             |    26 |       |       |       ||    26
       Halberd           |     4 |    19 |    56 |   178 ||   257
       Bardiche          |       |       |       |    81 ||    81
Invok: Berserk           |     2 |     1 |     2 |     8 ||    13
       Brothers in Arms  |       |     1 |       |     3 ||     4
       Divine Shield     |       |       |       |     3 ||     3
 Abil: Evoke Berserk Rag |       |       |       |     2 ||     2
Evoke: Wand              |       |       |       |     6 ||     6
  Use: Scroll            |       |       |       |     4 ||     4
       Potion            |       |       |       |     8 ||     8
 Stab: Sleeping          |       |       |       |     2 ||     2
Armor: Animal skin       |     2 |       |       |       ||     2
       Troll leather arm |       |       |     5 |    19 ||    24
       Shadow dragon sca |       |       |       |    74 ||    74
Dodge: Dodged            |     6 |     6 |    20 |   119 ||   151
Block: Other             |       |       |       |    18 ||    18

Table legend: (Time is in decaauts)
 A = Elapsed time spent in this place.
 B = Non-inter-level travel time spent in this place.
 C = Inter-level travel time spent in this place.
 D = Time resting spent in this place.
 E = Time spent auto-exploring this place.
 F = Levels seen in this place.
 G = Mean time per level.
                   A        B        C        D        E       F      G
               +--------+--------+--------+--------+--------+-----+--------+
         Total |   4748 |   4181 |    567 |   2396 |    675 |   1 | 4748.0 |
       Dungeon |   4748 |   4181 |    567 |   2396 |    675 |   1 | 4748.0 |
               +--------+--------+--------+--------+--------+-----+--------+

Top non-repeatable levels by time:
       D: 4748 daAuts
